 Dungeon Crawl Stone Soup version 0.18-a0-1731-g08f49a8 (console) character file.

53 sorlin the Conjurer (level 3, 0/19 HPs)
             Began as a Tengu Air Elementalist on Apr 11, 2016.
             Slain by Ijyb
             ... wielding a +0 club
              (5 damage)
             ... on level 2 of the Dungeon.
             The game lasted 00:04:46 (2147 turns).

sorlin the Conjurer (Tengu Air Elementalist)        Turns: 2147, Time: 00:04:46

Health: 0/19       AC:  2    Str:  8    XL:     3   Next: 87%
Magic:  0/7        EV: 12    Int: 15    God:
Gold:   92         SH:  0    Dex: 15    Spells: 3 memorised, 1 level left

rFire  . . .     SeeInvis .     g - +0 spear
rCold  . . .     Gourm    .     a - +0 robe
rNeg   . . .     Faith    .     (no shield)
rPois  .         Spirit   .     (helmet restricted)
rElec  .         Dismiss  .     (no cloak)
rCorr  .         Reflect  .     (no gloves)
SustAt .         Harm     .     (boots unavailable)
MR     .....                    (no amulet)
Stlth  ++........               (no ring)
                                (no ring)

@: repel missiles, not resistant to hostile enchantments, unstealthy
A: beak, talons 3
a: no special abilities


You were on level 2 of the Dungeon.
You were very hungry.

You visited 1 branch of the dungeon, and saw 2 of its levels.

You collected 92 gold pieces.


Innate Abilities, Weirdness & Mutations

You have a beak for a mouth.
You have claws for feet.


   Skills:
 - Level 2.1 Dodging
 - Level 2.0 Stealth
 - Level 2.0 Spellcasting
 + Level 4.5 Conjurations
 + Level 4.3 Air Magic


You had one spell level left.
You knew the following spells:

 Your Spells              Type           Power        Failure   Level  Hunger
a - Shock                 Conj/Air       ##..         4%          1    #......
g - Swiftness             Chrm/Air       #.......     14%         2    ###....
z - Repel Missiles        Chrm/Air       #.....       14%         2    ###....

Inventory:

Hand Weapons
 g - a +0 spear (weapon)
Missiles
 j - 2 throwing nets (quivered)
Armour
 a - a +0 robe (worn)
Wands
 s - a wand of digging (20/24)
Scrolls
 k - a scroll of enchant armour {unknown}
 l - a scroll of remove curse {unknown}
 n - a scroll of teleportation {unknown}
 q - a scroll of fog {unknown}
 u - a scroll of blinking {unknown}
 v - a scroll of enchant weapon {unknown}
Potions
 d - 2 potions of curing {unknown}
 e - a potion of flight {unknown}
 f - a potion of haste {unknown}
 h - 3 potions of heal wounds {unknown}
 m - 4 potions of agility {unknown}
 o - 2 potions of might {unknown}
 p - a potion of cancellation {unknown}
 r - 2 potions of degeneration {unknown}
 t - 2 potions of mutation {unknown}
Books
 b - a book of Air

   Spells                             Type                      Level
   a - Shock                          Conjuration/Air              1
   b - Swiftness                      Charms/Air                   2
   c - Repel Missiles                 Charms/Air                   2
   d - Static Discharge               Conjuration/Air              3
   e - Lightning Bolt                 Conjuration/Air              5
Comestibles
 c - a bread ration {!e}
 i - 3 fruits


Message History

The floor.
Ijyb screams, "You nasty!
Big nasty!"
Ijyb opens the door.
There is an open door here.
Things that are here:
a dagger; a kobold corpse
Aiming: Shock
Aim: Ijyb, wielding a club and wearing a chain mail (moderately wounded)
The zap hits Ijyb.
Ijyb appears unharmed.
Ijyb is moderately wounded.
The zap hits Ijyb.
Ijyb appears unharmed.
Ijyb is moderately wounded.
Ijyb hits you with a club.
You take 2 damage.
Aiming: Shock
Aim: Ijyb, wielding a club and wearing a chain mail (lightly wounded)
The zap hits Ijyb.
Ijyb is moderately wounded.
The zap hits Ijyb.
Ijyb appears unharmed.
Ijyb is moderately wounded.
Ijyb closely misses you.
Aiming: Shock
Aim: Ijyb, wielding a club and wearing a chain mail (moderately wounded)
The zap hits Ijyb.
Ijyb is heavily wounded.
The zap hits Ijyb.
Ijyb is severely wounded.
Ijyb hits you with a club.
* * * LOW HITPOINT WARNING * * *
You take 3 damage.
Ijyb hits you with a club.
* * * LOW HITPOINT WARNING * * *
You take 1 damage.
Ijyb hits you with a club.
* * * LOW HITPOINT WARNING * * *
You take 1 damage.
Aiming: Shock
Aim: Ijyb, wielding a club and wearing a chain mail (severely wounded)
The zap hits Ijyb.
Ijyb appears unharmed.
Ijyb is severely wounded.
The zap hits Ijyb.
Ijyb is almost dead.
Ijyb hits you with a club.
* * * LOW HITPOINT WARNING * * *
Your magical contamination has completely faded away.
You take 1 damage.
You barely miss Ijyb. You claw Ijyb, but do no damage.
Ijyb is almost dead.
Ijyb hits you with a club.
You die...

##### #...######## #.#........#
#.#..g@....## #.#.#####...###
##.......#.....#
#)...#...#.....##
##.####...##.....###..#
###..#⌠.##+##.⌠...........
#....#...............#....#
#######.#####.......#####..#....#
........#...........#...#.......#
######..'...'..._...+...#...<....
........#...#...........#......>.


You could see Ijyb.

Vanquished Creatures
  An adder (D:2)
  An ooze (D:1)
  A worm (D:2)
  3 dart slugs (D:1)
  A ball python (D:1)
  3 bats (D:1)
  A giant cockroach (D:1)
  3 goblins (D:1)
  4 hobgoblins
  3 jackals (D:1)
  3 kobolds
  A quokka (D:2)
  4 rats (D:1)
29 creatures vanquished.

Notes
Turn   | Place    | Note
--------------------------------------------------------------
     0 | D:1      | sorlin the Tengu Air Elementalist began the quest for the Orb.
     0 | D:1      | Reached XP level 1. HP: 10/10 MP: 4/4
    77 | D:1      | Reached skill level 2 in Conjurations
   262 | D:1      | Reached XP level 2. HP: 13/15 MP: 0/6
   288 | D:1      | HP: 3/15 [hobgoblin/club (5)]
   289 | D:1      | HP: 1/15 [hobgoblin/club (2)]
   546 | D:1      | Reached skill level 3 in Conjurations
   866 | D:1      | Reached XP level 3. HP: 18/19 MP: 1/7
  1143 | D:1      | Reached skill level 4 in Conjurations
  1152 | D:1      | Learned a level 2 spell: Swiftness
  1155 | D:1      | Learned a level 2 spell: Repel Missiles
  1984 | D:2      | Found a shattered altar of Ashenzari.
  2097 | D:2      | Noticed Ijyb
  2146 | D:2      | HP: 5/19 [Ijyb/club (1)]
  2147 | D:2      | Slain by Ijyb

Vault maps used:
D:1:      minmay_arrival_four_houses
D:2:      tso_altar, evilmike_ruin_ashenzari, uniq_iyjb

Action                   || total
-------------------------++-------
Melee: Unarmed           ||     9
       Spear             ||    36
 Cast: Shock             ||    50
       Repel Missiles    ||     1
 Stab: Sleeping          ||     4
  Eat: Chunk             ||     2
       Beef jerky        ||     1
